 Dungeon Sprint DCSS version 0.17-a0-1805-g6093636 (webtiles) character file.

305 Kidiri the Covert (level 6, 0/28 HPs)
             Began as a Spriggan Enchanter on Sept 12, 2015.
             Was an Initiate of Dithmenos.
             Slain by a spatial vortex (28 damage)
             ... in the Dungeon (Sprint III: "The Ten Rune Challenge").
             The game lasted 00:03:20 (574 turns).

Kidiri the Covert (Spriggan Enchanter)               Turns: 574, Time: 00:03:21

Health: 0/28       AC:  3    Str:  4    XL:     6   Next: 16%
Magic:  17/17      EV: 26    Int: 18    God:    Dithmenos [......]
Gold:   10         SH:  0    Dex: 19    Spells: 5 memorised, 8 levels left

rFire  . . .     SeeInvis +     a - +1 dagger
rCold  . . .     Rnd*Rage +     b - +1 robe
rNeg   . . .     SustAt   .     (shield restricted)
rPois  .         Gourm    .     (helmet restricted)
rElec  .         Spirit   .     (no cloak)
rCorr  .         Warding  .     (gloves unavailable)
rMut   .         NoTele   +     (boots unavailable)
MR     +++..                    (no amulet)
Stlth  +++++.....               (no ring)
                                (no ring)

@: very quick, extremely resistant to hostile enchantments, quite stealthy
A: unfitting armour, see invisible, berserk 1, clever 1, herbivore 3, speed 3,
magic resistance 2, slow metabolism 2, evolution 1, no device heal 1
a: Renounce Religion


You were in the Dungeon.
You worshipped Dithmenos.
Dithmenos was noncommittal.
You were not hungry.

You visited 1 branch You collected 10 gold pieces.

Inventory:

Hand weapons
 a - a +1 dagger (weapon)
Armour
 b - a +1 robe (worn)
Scrolls
 j - 2 scrolls of blinking
 l - 2 scrolls of torment
 q - 2 scrolls of remove curse
Potions
 e - 2 potions of curing
 f - a potion of heal wounds
 g - a potion of haste
 h - 2 potions of magic
 o - a potion of cure mutation
 p - 3 potions of flight
Comestibles
 d - a bread ration
 n - 2 royal jellies
 r - 3 fruits


   Skills:
 + Level 4.6 Short Blades
 * Level 9.1 Dodging
 * Level 10.2 Stealth
 * Level 7.6 Spellcasting
 + Level 1.8 Conjurations
 + Level 6.3 Hexes
 + Level 3.0 Ice Magic


You had 8 spell levels left.
You knew the following spells:

 Your Spells              Type           Power        Failure   Level  Hunger
a - Corona                Hex            ####...      1%          1    None
b - Ensorcelled Hibernat  Hex/Ice        ###...       1%          2    None
c - Confuse               Hex            ####....     2%          3    #......
d - Tukima's Dance        Hex            ####....     2%          3    #......
e - Dazzling Spray        Conj/Hex       ###.....     10%         3    #......


Dungeon Overview and Level Annotations

Branches:
Dungeon (1/1)

Altars:
Dithmenos
Gozag
Makhleb
Nemelex Xobeh
Qazlal
Ru
Xom
Jiyva
Lugonu


Innate Abilities, Weirdness & Mutations

You are tiny and cannot use many weapons and most armour.
You have supernaturally acute eyesight.
You are a herbivore.
You cover ground extremely quickly.
You need consume almost no food.
You tend to lose your temper in combat.
Your mind is acute. (Int +2)
You are highly resistant to hostile enchantments.
You evolve.
Potions and wands are less effective at restoring your health.


Message History

You perforate the jelly like a sieve!!!
You kill the jelly!
Your Dodging skill increases to level 9!
Your Ice Magic skill increases to level 3!
No target in view!
Unknown command.
n - 2 royal jellies (gained 1)
You open the door.
Found a stormy altar of Qazlal.
A spatial vortex comes into view.
Found a legendary deck of cards.
Found eight altars.
There is an open door here.
There is a sacrificial altar of Ru here.
There is a viscous altar of Jiyva here.
There is a shadowy altar of Dithmenos here.
You kneel at the altar of Dithmenos.
Dithmenos welcomes you! The spatial vortex hits you!!
Ouch! That really hurt!
You die...

...♣ ♣.# ...♣ ♣.#
...♣♣♣ ♣♣.#
...≈.♣♣♣..###+#+###+##
..≈≈.♣♣...#..........#
.≈≈≈≈.....'.⌠........#
.≈≈≈≈≈≈♣♣.#...######'#
≈≈≈≈≈≈....#.⌠.#__#...#
≈≈≈≈≈.....#...#_@#...#
≈≈≈.......#+###v_#...#
..........# #__#...+
..........# #_.'...#
▓▓▓▓▓▓▓▓▓▓▓ ▓▓▓▓▓▓▓▓


You could see a spatial vortex.

Vanquished Creatures
  A shadow (D)
  A water elemental (D)
  A jelly (D)
  A wolf (D)
  A human (D)
  2 oozes (D)
  2 rats (D)
9 creatures vanquished.

Vanquished Creatures (others)
  2 draconian scorchers (D)
  A yaktaur (D)
3 creatures vanquished.

Grand Total: 12 creatures vanquished

Notes
Turn   | Place    | Note
--------------------------------------------------------------
     0 | D        | Kidiri the Spriggan Enchanter began the quest for the Orb.
     0 | D        | Reached XP level 1. HP: 9/9 MP: 5/5
     8 | D        | Reached skill level 5 in Stealth
    11 | D        | Reached XP level 2. HP: 13/13 MP: 5/7
    61 | D        | Killed a yaktaur
    64 | D        | Learned a level 2 spell: Ensorcelled Hibernation
    75 | D        | Reached skill level 5 in Dodging
    75 | D        | Reached skill level 6 in Stealth
    75 | D        | Reached XP level 3. HP: 16/16 MP: 4/9
    79 | D        | Noticed a wolf
    82 | D        | Learned a level 3 spell: Confuse
    86 | D        | Learned a level 3 spell: Tukima's Dance
    88 | D        | Killed a wolf
    88 | D        | Reached skill level 7 in Stealth
    88 | D        | Reached skill level 1 in Ice Magic
   154 | D        | Gained mutation: You are resistant to hostile enchantments. [potion of mutation]
   154 | D        | Gained mutation: You are highly resistant to hostile enchantments. [potion of mutation]
   155 | D        | Gained mutation: Your mind is acute. (Int +2) [potion of mutation]
   155 | D        | Gained mutation: Potions and wands are less effective at restoring your health. [potion of mutation]
   156 | D        | Gained mutation: You evolve. [potion of mutation]
   156 | D        | Gained mutation: You tend to lose your temper in combat. [potion of mutation]
   173 | D        | Noticed a water elemental
   175 | D        | Killed a water elemental
   175 | D        | Reached skill level 8 in Stealth
   175 | D        | Reached skill level 5 in Spellcasting
   175 | D        | Reached skill level 5 in Hexes
   175 | D        | Reached XP level 4. HP: 21/21 MP: 10/12
   180 | D        | Learned a level 3 spell: Dazzling Spray
   219 | D        | Noticed a jelly
   220 | D        | Noticed a shadow
   250 | D        | Killed a shadow
   250 | D        | Reached skill level 10 in Stealth
   250 | D        | Reached skill level 1 in Conjurations
   250 | D        | Reached XP level 5. HP: 10/24 MP: 7/15
   250 | D        | Reached XP level 6. HP: 11/28 MP: 7/17
   264 | D        | Killed a white draconian scorcher
   312 | D        | Killed a white draconian scorcher
   565 | D        | Killed a jelly
   569 | D        | Found a stormy altar of Qazlal.
   570 | D        | Found a sacrificial altar of Ru.
   570 | D        | Found a burning altar of Makhleb.
   570 | D        | Found a viscous altar of Jiyva.
   570 | D        | Found a shimmering altar of Xom.
   570 | D        | Found a shadowy altar of Dithmenos.
   570 | D        | Found a sparkling altar of Nemelex Xobeh.
   570 | D        | Found a corrupted altar of Lugonu.
   570 | D        | Found an opulent altar of Gozag.
   570 | D        | Noticed a spatial vortex
   574 | D        | Became a worshipper of Dithmenos the Shadowed
   574 | D        | Slain by a spatial vortex

Vault maps used:
D:        dungeon_sprint_mu

Action                   |  1- 3 |  4- 6 || total
-------------------------+-------+-------++-------
Melee: Dagger            |    15 |    12 ||    27
 Cast: Ensorcelled Hiber |     2 |       ||     2
       Corona            |     1 |       ||     1
       Dazzling Spray    |       |     1 ||     1
  Use: Potion            |     3 |     1 ||     4
       Scroll            |     3 |       ||     3
 Stab: Sleeping          |     4 |     1 ||     5
